 Dungeon Crawl Stone Soup version 0.29.0-11-gd7f09526c8 (webtiles) character file.

Game seed: 12567902662343614537

48 browni3141 the Sneak (level 3, 0/30 HPs)
             Began as a Ghoul Enchanter on Sept 5, 2022.
             Was a Follower of Trog.
             Slain by a jackal (3 damage)
             ... on level 2 of the Dungeon.
             The game lasted 00:02:42 (1546 turns).

browni3141 the Sneak (Ghoul Enchanter)              Turns: 1546, Time: 00:02:43

Health: 0/30       AC:  2    Str: 11    XL:     3   Next: 72%
Magic:  4/4        EV: 12    Int: 12    God:    Trog [*.....]
Gold:   49         SH:  0    Dex:  9    Spells: 3/5 levels left

rFire   . . .      SeeInvis .   a - +1 dagger
rCold   + . .      Faith    .   (no shield)
rNeg    + + +      Spirit   .   b - +0 robe
rPois   ∞          Reflect  .   (no helmet)
rElec   .          Harm     .   (no cloak)
rCorr   .          Rampage  .   (no gloves)
Will    .....                   (no boots)
Stlth   ++........              (no amulet)
HPRegen 0.00/turn               (no ring)
MPRegen 0.09/turn               (no ring)

@: inhibited regen
A: claws 1, cold resistance 1, negative energy resistance 3, inhibited
regeneration, torment resistance 2, devour on kill
a: Renounce Religion


You were on level 2 of the Dungeon.
You worshipped Trog.
Trog was aware of your devotion.
You visited 1 branch of the dungeon, and saw 2 of its levels.

You collected 49 gold pieces.


Innate Abilities, Weirdness & Mutations

You are immune to poison.
You have sharp fingernails.
Your flesh is cold resistant. (rC+)
You are immune to negative energy. (rN+++)
You do not regenerate when monsters are visible.
You are immune to unholy pain and torment.
You thrive by killing the living.


   Skills:
 * Level 2.9 Fighting
 - Level 1.0 Short Blades
 - Level 1.7 Dodging
 - Level 3.2 Stealth
 - Level 1.7 Spellcasting
 - Level 2.6 Hexes
 - Level 1.0 Ice Magic


You had 3 spell levels left.
You knew the following spells:

 Your Spells              Type           Power      Damage    Failure   Level
z - Ensorcelled Hibernat  Hex/Ice        10%        N/A       21%         2

Your spell library contained the following spells:

 Spells                   Type           Power      Damage    Failure   Level
 Confusing Touch          Hex            7%         N/A       28%         3
 Tukima's Dance           Hex            7%         N/A       28%         3
 Dazzling Flash           Conj/Hex       8%         N/A       43%         3

Inventory:

Hand Weapons
 a - a +1 dagger (weapon)
Missiles
 f - 3 poisoned darts (quivered) {@f3}
Armour
 b - a +0 robe (worn)
Scrolls
 e - a scroll of butterflies {unknown}
 g - a scroll of immolation {unknown}
 i - 2 scrolls of teleportation {unknown}
 k - 4 scrolls of fear {unknown}
 m - a scroll of identify {unknown}
Potions
 c - 2 potions of invisibility
 d - a potion of lignification {unknown}
 h - 2 potions of flight {unknown}
 j - a potion of curing {unknown}
 l - a potion of heal wounds {unknown}
 n - a potion of degeneration {unknown}

Dungeon Overview and Level Annotations

Branches:
Dungeon (2/15)

Altars:
Trog

##### #...#
#...# #...#
#########...#
#.h@†.......#
#...#######...#
#..# #...# ...
#...# . ##.##
#.# #.# ###.#
#...#


You could see a jackal.


Message History

You are too injured to fight recklessly!
You closely miss the jackal. The jackal bites you.
* * * LOW HITPOINT WARNING * * *
You hit the jackal.
The jackal is lightly wounded.
The jackal barely misses you.
You barely miss the jackal.
The jackal is lightly wounded.
The jackal bites you.
* * * LOW HITPOINT WARNING * * *
The jackal barely misses you.
You hit the jackal.
The jackal is moderately wounded.
The jackal bites you.
* * * LOW HITPOINT WARNING * * *
You hit the jackal.
The jackal is almost dead.
The jackal closely misses you.
You hit the jackal but do no damage.
The jackal is almost dead.
The jackal closely misses you. The jackal bites you.
* * * LOW HITPOINT WARNING * * *
You closely miss the jackal.
The jackal is almost dead.
The jackal bites you.
* * * LOW HITPOINT WARNING * * *
You hit the jackal but do no damage.
The jackal is almost dead.
The jackal bites you.
You die...

Skill      XL: |  1  2  3 |
---------------+----------+-----
Fighting       | 1 2 |  2.9
Short Blades   | 1 |  1.0
Ice Magic      | 1 |  1.0
Dodging        | |  1.7
Stealth        | |  3.2
Spellcasting   | |  1.7
Hexes          | |  2.6

Action                   || total
-------------------------++-------
Melee: Dagger            ||   160
       Punch             ||     1
Throw: Dart              ||     4
 Stab: Sleeping          ||     2
Armor: Robe              ||    32
Dodge: Dodged            ||   104

Levels and vault maps discovered:
D:1:      dpeg_arrival_arbitrary_b, layout_rooms, grunt_decor_resistance
D:2:      layout_rooms, ebering_ecumenical_altar_abandoned, serial_park_tiny_1,
          uniq_crazy_yiuf_cottage

Notes
Turn   | Place    | Note
-------+----------+-------------------------------------------
     0 | D:1      | browni3141 the Ghoul Enchanter began the quest for the Orb.
     0 | D:1      | Reached XP level 1. HP: 14/14 MP: 2/2
   164 | D:1      | Reached skill level 1 in Fighting
   419 | D:1      | Reached XP level 2. HP: 18/24 MP: 3/3
   545 | D:1      | Reached skill level 2 in Fighting
   549 | D:1      | Reached skill level 1 in Short Blades
   556 | D:1      | Learned a level 2 spell: Ensorcelled Hibernation
  1209 | D:2      | Found a faded altar of an unknown god.
  1220 | D:2      | Reached XP level 3. HP: 29/29 MP: 4/4
  1234 | D:2      | Reached skill level 1 in Ice Magic
  1241 | D:2      | Prayed at the altar of an unknown god.
  1241 | D:2      | Became a worshipper of Trog the Wrathful
  1241 | D:2      | Reached * piety under Trog
  1545 | D:2      | HP: 3/30 [jackal (3)]
  1546 | D:2      | Slain by a jackal

Vanquished Creatures
  2 adders (D:2)
  A dart slug (D:1)
  A bat (D:1)
  An endoplasm (D:1)
  A giant cockroach (D:1)
  3 goblins (D:1)
  5 hobgoblins
  3 jackals (D:2)
  3 kobolds
  A quokka (D:1)
  A ball python (D:1)
  2 frilled lizards (D:1)
  A rat (D:2)
25 creatures vanquished.

Table legend: (Time is in decaauts)
 A = Elapsed time spent in this place.
 B = Non-inter-level travel time spent in this place.
 C = Inter-level travel time spent in this place.
 D = Time resting spent in this place.
 E = Time spent auto-exploring this place.
 F = Levels seen in this place.
 G = Mean time per level.
                   A        B        C        D        E       F      G
               +--------+--------+--------+--------+--------+-----+--------+
         Total |   1537 |   1523 |     14 |      0 |   1186 |   2 |  768.5 |
       Dungeon |   1537 |   1523 |     14 |      0 |   1186 |   2 |  768.5 |
               +--------+--------+--------+--------+--------+-----+--------+

Top non-repeatable levels by time:
     D:1: 1198 daAuts
     D:2: 339 daAuts

Table legend:
 A = Non-vault XP
 B = Vault XP
 C = Vault XP percentage of total XP
 D = Non-vault monster count
 E = Vault monster count
 F = Vault count percentage of total count
                 A         B        C        D         E       F
            +---------+---------+-------+---------+---------+-------
      Total |      69 |       0 |   0.0 |      25 |       0 |   0.0
            +---------+---------+-------+---------+---------+-------
        D:1 |      32 |       0 |   0.0 |      17 |       0 |   0.0
        D:2 |      37 |       0 |   0.0 |       8 |       0 |   0.0
            +---------+---------+-------+---------+---------+-------
